 Dungeon Crawl Stone Soup version 0.21.1-1-g345015f (webtiles) character file.

1834 keltmir the Purveyor of Pain (level 8, -8/62 (63) HPs)
             Began as a Demonspawn Necromancer on Apr 2, 2018.
             Was an Initiate of Kikubaaqudgha.
             Mangled by Menkaure (20 damage)
             ... on level 7 of the Dungeon.
             The game lasted 00:32:37 (8771 turns).

keltmir the Purveyor of Pain (DsNe)                 Turns: 8771, Time: 00:32:38

HP:   -8/62 (63)    AC:  6    Str: 13    XL:     8   Next: 87%
MP:   25/25         EV: 12    Int: 19    God:    Kikubaaqudgha [......]
Gold: 267           SH:  0    Dex: 19    Spells: 8/17 levels left

rFire    . . .     SeeInvis .   z - +9 whip of Zikaimp {slash, Dex+5}
rCold    . . .     Gourm    +   (no shield)
rNeg     . . .     Faith    .   e - +1 ring mail
rPois    .         Spirit   .   (no helmet)
rElec    .         Reflect  .   h - scarf {cloud immunity}
rCorr    .         Harm     .   (no gloves)
MR       .....                  (no boots)
Stlth    ++++......             o - amulet of the gourmand
HPRegen  0.20/turn              f - ring of magical power
MPRegen  0.19/turn              m - ring of wizardry

@: mighty
A: claws 1, talons 1, nightstalker 2
a: Renounce Religion


You were on level 7 of the Dungeon.
You worshipped Kikubaaqudgha.
Kikubaaqudgha was noncommittal.
You were very full.

You visited 2 branches of the dungeon, and saw 8 of its levels.

You collected 267 gold pieces.

Inventory:

Hand Weapons
 g - the +4 Vampire's Tooth {vamp}
   (You found it on level 5 of the Dungeon)

   It inflicts no extra harm, but heals its wielder when it wounds a living foe.
 v - a +0 short sword of protection
 z - the +9 whip of Zikaimp (weapon) {slash, Dex+5}
   (You found it on level 6 of the Dungeon)

   It inflicts extra damage upon your enemies.
   It affects your dexterity (+5).
Missiles
 d - 7 curare-tipped needles
Armour
 a - a +0 robe
 e - a +1 ring mail (worn)
 h - a scarf of cloud immunity (worn)
 u - a +0 large shield
Jewellery
 f - a ring of magical power (left claw)
 m - a ring of wizardry (right claw)
 n - an uncursed amulet of guardian spirit
 o - an amulet of the gourmand (around neck)
 s - a cursed ring of resist corrosion
 A - an uncursed ring of magical power
Wands
 r - a wand of disintegration (18)
Scrolls
 i - 4 scrolls of teleportation
 t - a scroll of identify
 x - 2 scrolls of enchant armour
 y - a scroll of fog
 C - a scroll of magic mapping {unknown}
 D - a scroll of immolation {unknown}
Potions
 j - 2 potions of lignification
 k - a potion of berserk rage
 l - 2 potions of might
 p - 4 potions of curing
 q - a potion of haste
 w - a potion of mutation
 B - a potion of agility
Books
 b - a book of Necromancy

   Spells                             Type                      Level
   a - Pain                           Necromancy                   1
   b - Animate Skeleton               Necromancy                   1
   c - Vampiric Draining              Necromancy                   3
   d - Regeneration                   Charms/Necromancy            3
   e - Animate Dead                   Necromancy                   4
   f - Borgnjor's Vile Clutch         Necromancy/Earth             5
Comestibles
 c - 16 rations


   Skills:
 + Level 5.4 Fighting
 - Level 0.6 Short Blades
 * Level 2.8 Maces & Flails
 + Level 2.5 Dodging
 - Level 2.0 Stealth
 + Level 5.4 Spellcasting
 - Level 9.0 Necromancy


You had 8 spell levels left.
You knew the following spells:

 Your Spells              Type           Power        Failure   Level  Hunger
a - Pain                  Necr           ####         1%          1    None
b - Animate Skeleton      Necr           N/A          1%          1    None
c - Regeneration          Chrm/Necr      ###.......   4%          3    ##.....
d - Animate Dead          Necr           N/A          2%          4    ####...


Dungeon Overview and Level Annotations

Branches:
Dungeon (7/15)             Temple (1/1) D:5

Altars:
Ashenzari
Cheibriados
Dithmenos
Elyvilon
Fedhas
Gozag
Hepliaklqana
Kikubaaqudgha
Makhleb
Nemelex Xobeh
Okawaru
Qazlal
Ru
Sif Muna
Trog
Uskayaw
Vehumet
Wu Jian
Xom
Yredelemnul
Zin
The Shining One

Annotations:
D:3 keltmir's ghost, amateur DESu
D:7 Menkaure


Innate Abilities, Weirdness & Mutations

You have sharp fingernails.
You have sharp toenails.
You are significantly more attuned to the shadows.


Message History

You can't see any susceptible monsters within range! (Use Z to cast anyway.) Menkaure shouts!
Menkaure gestures wildly while chanting.
Menkaure seems to speed up.
Menkaure shouts, "Why can't you leave me to my rest?"
Menkaure calls on the powers of darkness!
Your body is wracked with pain!
A bullfrog zombie comes into view.
Menkaure barely misses you.
You whack Menkaure!
Menkaure is moderately damaged.
Menkaure hits you!
* * * LOW HITPOINT WARNING * * *
The bullfrog zombie closely misses you.
You feel very mighty all of a sudden. Menkaure hits you.
* * * LOW HITPOINT WARNING * * *
The bullfrog zombie closely misses you. Menkaure hits you!!
You die...
Kikubaaqudgha rasps: "You have failed me!
Welcome... death!"

....#.#..##....#...
.##.....##......#....
#.#.............#....
###...###..........###
#.#.................#.
........###...#..##.#.
.....#..............##
.#.............##...#.
.....@................
.#...MZ....#..........
##......##.........#.
#................##.
............#.[......
#.#..................
.................#.#.
.......#.....#..
................


You could see Menkaure and a bullfrog zombie.

Vanquished Creatures
  Sigmund (D:5)
  3 sky beasts
  An ice beast (D:7)
  A necrophage (D:7)
  3 ogres
  A centaur (D:6)
  A big kobold (D:7)
  2 bullfrogs
  A scorpion (D:7)
  2 vampire bats (D:5)
  A crimson imp (D:6)
  4 hounds
  A bullfrog skeleton (D:6)
  An orc wizard (D:5)
  6 worker ants
  A hound skeleton (D:4)
  2 worker ant zombies
  6 adders
  A gnoll (D:4)
  A howler monkey skeleton (D:6)
  2 oozes
  2 worms (D:2)
  A dart slug (D:3)
  2 leopard geckos
  5 orcs (D:5)
  12 bats
  8 giant cockroaches
  7 goblins
  5 hobgoblins
  10 jackals
  4 quokkas
  2 ball pythons (D:1)
  2 frilled lizards
  9 kobolds
  A quokka skeleton (D:7)
  7 rats
119 creatures vanquished.

Vanquished Creatures (collateral kills)
  A worker ant zombie (D:5)
  A dart slug (D:2)
  A hobgoblin (D:1)
3 creatures vanquished.

Vanquished Creatures (others)
  A dart slug (D:2)
  A fungus (D:4)
2 creatures vanquished.

Grand Total: 124 creatures vanquished

Notes
Turn   | Place    | Note
-------+----------+-------------------------------------------
     0 | D:1      | keltmir the Demonspawn Necromancer began the quest for the Orb.
     0 | D:1      | Reached XP level 1. HP: 13/13 MP: 3/3
   281 | D:1      | Learned a level 1 spell: Animate Skeleton
   410 | D:1      | Gained mutation: You are slightly more attuned to the shadows. [demonic ancestry]
   410 | D:1      | Reached XP level 2. HP: 14/20 MP: 0/5
   791 | D:1      | Reached skill level 1 in Fighting
   951 | D:1      | Reached skill level 5 in Necromancy
   951 | D:1      | Reached XP level 3. HP: 24/26 MP: 2/6
  2190 | D:2      | Found a glowing golden altar of the Shining One.
  2193 | D:2      | Noticed an angel
  2207 | D:2      | Found a basalt altar of Yredelemnul.
  2210 | D:2      | Noticed a profane servitor
  2421 | D:3      | Noticed keltmir's ghost (amateur DESu)
  2550 | D:2      | Found a snail-covered altar of Cheibriados.
  2634 | D:3      | Gained mutation: You are significantly more attuned to the shadows. [demonic ancestry]
  2634 | D:3      | Reached XP level 4. HP: 29/32 MP: 7/7
  2747 | D:3      | Found a burning altar of Makhleb.
  2972 | D:3      | Noticed a bullfrog
  3572 | D:3      | Found an ancient bone altar of Kikubaaqudgha.
  3693 | D:3      | Found a burning altar of Makhleb.
  4013 | D:4      | Gained mutation: You have sharp fingernails. [demonic ancestry]
  4013 | D:4      | Reached XP level 5. HP: 8/38 MP: 9/9
  4034 | D:4      | HP: 1/38 [poisoned by a worker ant]
  4351 | D:4      | Learned a level 3 spell: Regeneration
  4392 | D:4      | Reached skill level 6 in Necromancy
  5041 | D:4      | Found a blossoming altar of Fedhas.
  5086 | D:4      | Reached XP level 6. HP: 44/46 MP: 10/10
  5330 | D:4      | Learned a level 4 spell: Animate Dead
  5331 | D:5      | Entered Level 5 of the Dungeon
  5371 | D:5      | Found a shattered altar of Ashenzari.
  5433 | D:5      | Noticed a sky beast
  5770 | D:5      | Killed a sky beast
  5770 | D:5      | Reached skill level 7 in Necromancy
  5929 | D:5      | Noticed a sky beast
  5981 | D:5      | Killed a sky beast
  5981 | D:5      | Gained mutation: You have sharp toenails. [demonic ancestry]
  5981 | D:5      | Reached XP level 7. HP: 41/52 MP: 12/12
  6175 | D:5      | Found a staircase to the Ecumenical Temple.
  6208 | D:5      | Noticed Sigmund
  6215 | D:5      | Killed Sigmund
  6240 | Temple   | Entered the Ecumenical Temple
  6510 | D:3      | Became a worshipper of Kikubaaqudgha
  6699 | D:5      | Found the +4 Vampire's Tooth {vamp}
  6745 | D:5      | Reached skill level 8 in Necromancy
  7103 | D:6      | Reached XP level 8. HP: 41/61 MP: 14/14
  7492 | D:6      | Reached skill level 9 in Necromancy
  7684 | D:6      | Got a slimy whip
  7685 | D:6      | Identified the +9 whip of Zikaimp {slash, Dex+5} (You found it on level 6 of the Dungeon)
  7840 | D:6      | Reached skill level 5 in Spellcasting
  8045 | D:6      | Found a shimmering altar of Xom.
  8051 | D:6      | Found an ornate altar of the Wu Jian Council.
  8093 | D:6      | Reached skill level 5 in Fighting
  8093 | D:6      | Reached skill level 1 in Maces & Flails
  8762 | D:7      | Noticed Menkaure
  8771 | D:7      | Mangled by Menkaure

Skill      XL: |  1  2  3  4  5  6  7  8 |
---------------+-------------------------+-----
Fighting       | 1 2 3 4 5 |  5.4
Necromancy     | 5 6 7 8 9 |  9.0
Spellcasting   | 3 4 5 |  5.4
Stealth        | 2 |  2.0
Maces & Flails | 2 |  2.8
Dodging        | 2 |  2.5
Short Blades   | |  0.6

Action                   |  1- 3 |  4- 6 |  7- 9 || total
-------------------------+-------+-------+-------++-------
Melee: Unarmed           |     2 |       |       ||     2
       Whip              |    10 |       |    45 ||    55
       Falchion          |       |    33 |       ||    33
       Dagger            |       |       |    80 ||    80
       Short sword       |       |       |    10 ||    10
       Kick              |       |       |    20 ||    20
 Cast: Pain              |   101 |   120 |    57 ||   278
       Animate Skeleton  |    10 |    12 |     1 ||    23
       Regeneration      |       |     6 |     8 ||    14
  Use: Scroll            |     5 |     7 |     7 ||    19
       Potion            |       |     2 |     1 ||     3
 Stab: Sleeping          |       |     2 |     6 ||     8
       Distracted        |       |       |     1 ||     1
  Eat: Chunk             |     6 |    23 |    13 ||    42
Armor: Robe              |     3 |       |       ||     3
       Ring mail         |    15 |    54 |    70 ||   139
Dodge: Dodged            |    34 |    70 |    79 ||   183
       Rpst.: Falchion   |       |    18 |       ||    18
